 Dungeon Crawl Stone Soup version 0.29-a0-414-g5075937ec3 (webtiles) character file.

Game seed: 7190208597852101614

50 zazu2006 the Magician (level 3, -1/28 HPs)
             Began as a Naga Hedge Wizard on May 16, 2022.
             Killed by miscasting Mephitic Cloud (10 damage)
             ... on level 2 of the Dungeon.
             The game lasted 00:03:06 (1706 turns).

zazu2006 the Magician (Naga Hedge Wizard)           Turns: 1706, Time: 00:03:07

Health: -1/28      AC:  2    Str: 12    XL:     3   Next: 79%
Magic:  5/8        EV: 10    Int: 16    God:
Gold:   108        SH:  0    Dex: 10    Spells: 0/9 levels left

rFire   . . .      SeeInvis +   j - +1 rapier (drain)
rCold   . . .      Faith    .   (no shield)
rNeg    . . .      Spirit   .   b - +0 robe
rPois   +          Reflect  .   c - +0 hat
rElec   .          Harm     .   (no cloak)
rCorr   .          Rampage  .   (no gloves)
Will    .....                   (no barding)
Stlth   ++........              (no amulet)
HPRegen 0.09/turn               e - ring of flight {o}
MPRegen 0.11/turn               (no ring)

@: flying, very slightly contaminated, very slow
A: AC +1, large, see invisible, deformed body, poison resistance, slowness 2,
spit poison 1, naga tail 1
a: Spit Poison


You were on level 2 of the Dungeon.
You visited 1 branch of the dungeon, and saw 2 of its levels.

You collected 108 gold pieces.

Inventory:

Hand Weapons
 a - a +0 dagger
 j - a +1 rapier of draining (weapon)
Missiles
 n - 3 poisoned darts
Armour
 b - a +0 robe (worn)
 c - a +0 hat (worn)
Magical Staves
 l - a staff of air
Jewellery
 e - a ring of flight (left hand) {o}
Scrolls
 f - a scroll of noise {unknown}
 g - 3 scrolls of identify {unknown}
 i - a scroll of fog {unknown}
 o - a scroll of immolation {unknown}
Potions
 d - a potion of magic
 h - a potion of curing {unknown}
 k - a potion of attraction {unknown}
 m - a potion of heal wounds {unknown}


   Skills:
 + Level 0.1 Fighting
 + Level 2.0 Dodging
 + Level 3.2 Stealth
 + Level 3.9 Spellcasting
 + Level 1.2 Conjurations
 + Level 1.0 Summonings
 + Level 1.0 Translocations


You couldn't memorise any spells.
You knew the following spells:

 Your Spells              Type           Power      Damage    Failure   Level
a - Magic Dart            Conj           28%        1d4       11%         1
b - Mephitic Cloud        Conj/Pois/Air  4%         N/A       41%         3
c - Conjure Flame         Conj/Fire      5%         6-21      36%         3
d - Blink                 Tloc           12%        N/A       17%         2

Your spell library contained the following spells:

 Spells                   Type           Power      Damage    Failure   Level
 Slow                     Hex            12%        N/A       17%         1
 Call Imp                 Summ           6%         N/A       17%         2


Dungeon Overview and Level Annotations

Branches:
Dungeon (2/15)

Altars:
Hepliaklqana

Annotations:
D:2 Natasha


Innate Abilities, Weirdness & Mutations

Your serpentine skin is tough. (AC +1)
You have supernaturally acute eyesight. (SInv)
Armour fits poorly on your strangely shaped body.
Your system is resistant to poisons. (rPois)
You cover ground very slowly.
You can spit poison.
You have a snake-like lower body.


Message History

The magic dart hits the bat.
The bat is severely wounded.
The bat hits you but does no damage.
Casting: Magic Dart (safe; 11% risk of failure)
Confirm with . or Enter, or press ? or * to list all spells.
Aiming: Magic Dart (safe; 11% risk of failure)
Press: ? - help, Shift-Dir - straight line, f/p - bat
Aim: a bat (severely wounded, 100% to hit)
The magic dart hits the bat.
You kill the bat!
You see here 17 stones.
Things that are here:
a +0 club; a goblin corpse You see here a +0 chain mail.
There is an escape hatch in the ceiling here.
Okay, then.
A mysterious force pulls you upwards. The hatch slams shut behind you.
(D) Dungeon
Where to? (Enter - D:2, ? - help) Magic restored.
You see here a +0 dagger.
There is a stone staircase leading down here.
You fly downwards.
Natasha hisses angrily.
Natasha howls an incantation.
Natasha shimmers violently.
Natasha casts a spell at you. The magic dart hits you.
There is a stone staircase leading up here.
You completely miss Natasha. Natasha claws you!
Casting: Magic Dart (safe; 11% risk of failure)
Confirm with . or Enter, or press ? or * to list all spells.
The spell is extremely dangerous to miscast (41% risk of failure)!
Continue anyway?
Aiming: Mephitic Cloud (extremely dangerous; 41% risk of failure)
Press: ? - help, Shift-Dir - straight line, f - Natasha
Aim: Natasha (chance to affect: 86%)
You miscast Mephitic Cloud.
You are very lightly contaminated with residual magic.
You are blasted with magical energy!
You die...

##...####.
..........#
##...###..#
##.## # #.#
#.# .### # #
#.# ....
.#..# #..
#..###.....#
.# #...@h..#
#.#####.#


You could see Natasha.

Vanquished Creatures
  An adder (D:2)
  An adder zombie (D:2)
  An adder skeleton (D:2)
  A bat zombie (D:2)
  3 endoplasms
  A hobgoblin (D:1)
  2 jackals (D:1)
  A quokka (D:2)
  A ball python (D:1)
  3 bats (D:2)
  4 frilled lizards (D:1)
  3 goblins
  3 kobolds
  13 rats
38 creatures vanquished.

Vanquished Creatures (others)
  A withered plant (D:2)
1 creature vanquished.

Grand Total: 39 creatures vanquished

Notes
Turn   | Place    | Note
-------+----------+-------------------------------------------
     0 | D:1      | zazu2006 the Naga Hedge Wizard began the quest for the Orb.
     0 | D:1      | Reached XP level 1. HP: 15/15 MP: 4/4
   249 | D:1      | Reached XP level 2. HP: 22/22 MP: 3/6
   942 | D:1      | Found a faded altar of an unknown god.
  1096 | D:2      | Found a hazy altar of Hepliaklqana.
  1122 | D:2      | Reached XP level 3. HP: 5/28 MP: 4/8
  1430 | D:2      | Learned a level 3 spell: Mephitic Cloud
  1434 | D:2      | Learned a level 3 spell: Conjure Flame
  1437 | D:2      | Learned a level 2 spell: Blink
  1704 | D:2      | Noticed Natasha
  1706 | D:2      | Killed by miscasting Mephitic Cloud

Illustrated notes

Levels and vault maps discovered:
D:1:      minmay_arrival_diagonal_passages, layout_loops_ring,
          hellmonk_ecumenical_altar_arch_garden, hangedman_decor_growths,
          minmay_rat_gold_closets
D:2:      layout_loops_ring, serial_undead, serial_undead_c, serial_undead_c,
          serial_undead_b, serial_undead_e, basic_altar, uniq_natasha,
          uniq_crazy_yiuf_cottage

Skill      XL: |  1  2  3 |
---------------+----------+-----
Dodging        | 2 |  2.0
Fighting       | |  0.1
Stealth        | |  3.2
Spellcasting   | |  3.9
Conjurations   | |  1.2
Summonings     | |  1.0
Translocations | |  1.0

Action                   || total
-------------------------++-------
Melee: Rapier            ||    19
 Cast: Magic Dart        ||    72
 Abil: Spit Poison       ||     7
 Stab: Sleeping          ||     1
Armor: Robe              ||    18
Dodge: Dodged            ||    44

Table legend: (Time is in decaauts)
 A = Elapsed time spent in this place.
 B = Non-inter-level travel time spent in this place.
 C = Inter-level travel time spent in this place.
 D = Time resting spent in this place.
 E = Time spent auto-exploring this place.
 F = Levels seen in this place.
 G = Mean time per level.
                   A        B        C        D        E       F      G
               +--------+--------+--------+--------+--------+-----+--------+
         Total |   2009 |   1930 |     79 |      0 |   1676 |   2 | 1004.5 |
       Dungeon |   2009 |   1930 |     79 |      0 |   1676 |   2 | 1004.5 |
               +--------+--------+--------+--------+--------+-----+--------+

Top non-repeatable levels by time:
     D:1: 1376 daAuts
     D:2: 632 daAuts
